AoeStats
← Mr. Penis

African Clearing

506491247Analyzed
4v4 RM · 18d ago on Sep 13, 2026· 32m 17s· 8 players
Game mode
Random Map
Map size
Large (8 player)
Population
200
Speed
Normal
Resources
Standard
Victory
Conquest
Starting age
Dark Age
Ending age
Imperial Age
RankedLock teamsTeams togetherTeam positionsShared explorationLock speedFull tech treeHidden civsTurbo modeCheats
Victory
Defeat
🇵🇹 Mongols · Portugal
1452
+9
🇷🇺 Jurchens · Russia
1311
+15
🇲🇿 Vietnamese · Mozambique
1258
+17
🇲🇿 Persians · Mozambique
1175
+20
🇹🇼 Tupi · Taiwan
1311
-16
🇹🇼 Khmer · Taiwan
1292
-16
🇪🇸 Byzantines · Spain
1274
-15
🇦🇹 Persians · Austria
1262
-14
Mr. Penis
5:43 Loom
16:30 Feudal Age
20:40 Fletching
23:40 Wheelbarrow
25:38 Castle Age
25:28 Double-Bit Axe
27:18 Bow Saw
Dengalenga
3:06 Loom
11:57 Feudal Age
12:54 Double-Bit Axe
21:08 Scale Barding Armor
26:19 Castle Age
24:47 Gold Mining
24:40 Horse Collar
26:34 Forging
26:39 Bloodlines
Ora Viva
13:09 Feudal Age
17:11 Castle Age
15:40 Double-Bit Axe
15:54 Gold Mining
18:14 Fletching
19:35 Bodkin Arrow
19:53 Bow Saw
30:01 Horse Collar
31:33 Loom
HunterX
6:25 Loom
12:40 Feudal Age
13:43 Double-Bit Axe
16:58 Fletching
23:42 Horse Collar
26:26 Castle Age
25:04 Padded Archer Armor
26:46 Crossbowman
27:23 Bodkin Arrow
30:27 Leather Archer Armor
31:23 Wheelbarrow
30:37 Town Watch
CampaCar
4:49 Loom
6:01 Loom
12:13 Feudal Age
13:15 Double-Bit Axe
17:28 Padded Archer Armor
17:52 Fletching
20:22 Scale Mail Armor
20:33 Forging
26:06 Castle Age
26:13 Elite Skirmisher
Kiwi
6:49 Loom
14:54 Feudal Age
21:19 Castle Age
25:51 Town Watch
27:50 Wheelbarrow
cccccccccc
16:28 Feudal Age
20:58 Castle Age
22:05 Scale Barding Armor
22:51 Double-Bit Axe
24:44 Bloodlines
24:58 Chain Barding Armor
28:25 Forging
29:57 Horse Collar
30:29 Bow Saw
小浮兒
7:39 Loom
14:24 Feudal Age
19:51 Fishing Lines
26:25 Castle Age
24:44 Fishing Lines
25:57 Fletching
27:53 Wheelbarrow
28:16 Horse Collar
28:24 Double-Bit Axe
Connection lost

Rejoining the realm…

Still unreachable

The connection could not be restored.

Session expired

The server has moved on; the page needs a fresh start.